 Dungeon Crawl Stone Soup version 0.28-a0-925-gd5e1996cdb (webtiles) character file.

Game seed: 12410753377906713714

392 avis the Ruffian (level 6, -1/51 (52) HPs)
             Began as a Hill Orc Transmuter on Nov 27, 2021.
             Was an Initiate of Beogh.
             Slain by a wraith (6 damage)
             ... in an ossuary.
             The game lasted 00:23:37 (4767 turns).

avis the Ruffian (Hill Orc Transmuter)              Turns: 4767, Time: 00:23:38

HP:   -1/51 (52)    AC:  5    Str: 14    XL:     6   Next: 80%
MP:   9/9           EV: 11    Int: 14    God:    Beogh [......]
Gold: 79            SH:  0    Dex: 11    Spells: 1/9 levels left

rFire   + . .      SeeInvis .   b - +1 hand axe (flame)
rCold   . . .      Faith    .   (no shield)
rNeg    . . .      Spirit   .   d - +0 leather armour
rPois   .          Reflect  .   D - +0 helmet
rElec   .          Harm     .   (no cloak)
rCorr   .          Rampage  .   c - +0 pair of gloves
Will    .....                   (no boots)
Stlth   +.........              p - amulet of the acrobat
HPRegen 0.17/turn               r - ring of wizardry
MPRegen 0.11/turn               y - ring of protection from fire

@: slowed, lightly drained, invisible, very slow
A: no striking features
a: Renounce Religion


You were in an ossuary.
You worshipped Beogh.
Beogh was noncommittal.
You visited 1 branch of the dungeon, and saw 5 of its levels.
You also visited: Ossuary.

You collected 79 gold pieces.

Inventory:

Hand Weapons
 b - a +1 hand axe of flaming (weapon)
 q - the +6 hand axe of the Median {vorpal, rF+ rN+ MP+9 Int-5}
   (You found it on level 5 of the Dungeon)

   It inflicts extra damage upon your enemies.
   Int:       It affects your intelligence (-5).
   rF:        It protects you from fire.
   rN:        It protects you from negative energy.
   MP:        It affects your magic capacity (+9).
 u - a +0 dagger of venom
 x - a +0 hunting sling
Missiles
 a - 126 stones
 f - 17 arrows
 n - 4 atropa-tipped darts
 t - 8 poisoned darts (quivered)
 v - 2 boomerangs
 w - 22 sling bullets
 A - 26 bolts
Armour
 c - a +0 pair of gloves (worn)
 d - a +0 leather armour (worn)
 D - a +0 helmet (worn)
Magical Staves
 s - a staff of fire
 z - a staff of conjuration
Jewellery
 k - an amulet of guardian spirit
 p - an amulet of the acrobat (around neck)
 r - a ring of wizardry (left hand)
 y - a ring of protection from fire (right hand)
Scrolls
 g - 2 scrolls of summoning
 i - 2 scrolls of teleportation
 o - a scroll of enchant weapon
 B - a scroll of amnesia
Potions
 e - a potion of flight {unknown}
 j - a potion of cancellation {unknown}
 l - a potion of heal wounds {unknown}
 m - a potion of ambrosia {unknown}
 C - a potion of degeneration {unknown}


   Skills:
 - Level 4.0 Fighting
 - Level 1.5 Dodging
 * Level 5.8 Unarmed Combat
 - Level 2.0 Spellcasting
 - Level 2.0 Transmutations
 - Level 2.0 Poison Magic
 + Level 2.0 Invocations


You had one spell level left.
You knew the following spells:

 Your Spells              Type           Power      Damage    Failure   Level
a - Beastly Appendage     Tmut           14%        N/A       5%          1
p - Spider Form           Tmut/Pois      7%         N/A       16%         3
q - Ice Form              Ice/Tmut       4%         N/A       58%         4

Your spell library contained the following spells:

 Spells                   Type           Power      Damage    Failure   Level
 Wereblood                Tmut           7%         N/A       9%          2
 Ensorcelled Hibernation  Hex/Ice        2%         N/A       17%         2
 Tukima's Dance           Hex            1%         N/A       32%         3


Dungeon Overview and Level Annotations

Branches:
Dungeon (5/15)             Temple (0/1) D:5         Ossuary (1/1)

Altars:
Ashenzari
Hepliaklqana
Trog

Shops:
D:3 ?   D:5 *

Annotations:
D:2 1 runed translucent door, exclusion: door, Crazy Yiuf


Message History

You hit the kobold zombie. You burn the kobold zombie.
You destroy the kobold zombie!
Beogh accepts your kill. The wraith hits you! The wraith drains your vigour!
You feel as though you will be slow longer.
The wraith hits you.
* * * LOW HITPOINT WARNING * * *
The wraith drains your vigour!
You feel as though you will be slow longer.
Your Invocations skill increases to level 2!
You barely miss the wraith. Your kick misses the wraith.
The wraith is heavily damaged.
Your transformation is almost over.
The wraith closely misses you. The wraith hits you.
* * * LOW HITPOINT WARNING * * *
The wraith drains your vigour!
You feel as though you will be slow longer.
Okay, then.
Unknown command.
Okay, then.
You fade into invisibility!
The wraith hits you but does no damage.
You hit the wraith. You burn the wraith. You claw the wraith, but do no damage.
You headbutt the wraith.
The wraith is severely damaged.
The wraith hits you.
* * * LOW HITPOINT WARNING * * *
The wraith drains your vigour!
You feel as though you will be slow longer.
The wraith misses you.
You hit the wraith. You burn the wraith. Your headbutt misses the wraith.
The wraith is almost destroyed.
The wraith barely misses you. The wraith hits you.
* * * LOW HITPOINT WARNING * * *
You barely miss the wraith. You claw the wraith, but do no damage.
The wraith is almost destroyed.
Your horns disappear.
Your talons disappear.
Your +0 helmet unmelds from your body.
The wraith misses you. The wraith hits you.
You die...

##...∩...'..####..####..
W#.......'..#.'...# ..
##...∩...'..####..####..
##.....##..............
##...###.............#
##.## #..####.......#
### #..#?'....8...# #W#
#..####W......# ###
#......@.......
#........#.#..#
#..####..#+#..# #. ...#
.# #..# .... .... #####


You could see a wraith.

Vanquished Creatures
  An ogre (D:5)
  A bullfrog zombie (D:5)
  A bullfrog skeleton (D:5)
  A hound (D:5)
  A jelly (D:5)
  Jessica (D:2)
  An orc wizard (D:3)
  4 adders
  2 worms
  2 dart slugs
  10 orcs (D:3)
  5 ball pythons
  2 bats (D:3)
  3 endoplasms
  A giant cockroach (D:1)
  8 hobgoblins
  4 jackals
  7 kobolds
  2 quokkas (D:1)
  3 frilled lizards
  5 goblins
  4 hobgoblin zombies
  4 kobold zombies
  8 rats
81 creatures vanquished.

Vanquished Creatures (others)
  An orc priest (D:5)
  A jelly (D:5)
2 creatures vanquished.

Grand Total: 83 creatures vanquished

Notes
Turn   | Place    | Note
-------+----------+-------------------------------------------
     0 | D:1      | avis the Hill Orc Transmuter began the quest for the Orb.
     0 | D:1      | Reached XP level 1. HP: 16/16 MP: 3/3
   287 | D:1      | Reached XP level 2. HP: 21/23 MP: 2/4
   349 | D:1      | Reached skill level 4 in Unarmed Combat
   939 | D:1      | Reached XP level 3. HP: 22/28 MP: 6/6
  1066 | D:2      | Noticed Jessica
  1465 | D:2      | Killed Jessica
  1466 | D:2      | Reached XP level 4. HP: 6/35 MP: 7/7
  1727 | D:2      | Found a runed translucent door.
  1728 | D:2      | Noticed Crazy Yiuf
  1801 | D:1      | Learned a level 3 spell: Spider Form
  1871 | D:2      | Found a faded altar of an unknown god.
  2372 | D:2      | Reached skill level 5 in Unarmed Combat
  2569 | D:3      | Reached skill level 1 in Poison Magic
  2569 | D:3      | Reached XP level 5. HP: 31/41 MP: 8/8
  3687 | D:3      | Found Rouxet's Magic Scroll Shoppe.
  4021 | D:3      | Learned a level 4 spell: Ice Form
  4124 | D:4      | You fall into a shaft and drop 1 floor!
  4124 | D:5      | Entered Level 5 of the Dungeon
  4150 | D:5      | Reached XP level 6. HP: 12/51 MP: 5/9
  4164 | D:5      | Became a worshipper of Beogh the Brigand
  4223 | D:5      | Found a hazy altar of Hepliaklqana.
  4314 | D:5      | Found a staircase to the Ecumenical Temple.
  4330 | D:5      | Found a broken altar of Ashenzari.
  4330 | D:5      | Found a bloodstained altar of Trog.
  4347 | D:5      | Identified the +6 hand axe of the Median {vorpal, rF+ rN+
                  | MP+9 Int-5}
  4483 | D:5      | Reached skill level 1 in Invocations
  4559 | D:5      | Found Davica's Assorted Antiques.
  4606 | D:5      | Noticed a necrophage
  4631 | D:5      | Found a sand-covered staircase.
  4657 | Ossuary  | Entered an ossuary
  4657 | Ossuary  | Noticed a wraith
  4657 | Ossuary  | Noticed a wraith
  4657 | Ossuary  | Noticed a wraith
  4753 | Ossuary  | Noticed a wraith
  4767 | Ossuary  | Slain by a wraith

Illustrated notes

Levels and vault maps discovered:
D:1:      amcnicky_arrival_feature_with_door, layout_basic, minmay_tall_x
D:2:      layout_rooms, ebering_ecumenical_altar_box, uniq_jessica,
          uniq_crazy_yiuf_cottage
D:3:      layout_loops_ring, serial_shops, nicolae_lakefront_shop,
          hangedman_decor_slide_cut
D:4:      layout_basic, lemuel_tele_altar, minmay_misc_feat_doors,
          minmay_misc_feat_pillars, minmay_crystal_water, columned_hall_lemuel,
          kennysheep_generic_room_5
D:5:      layout_gridville, chequers_temple_overflow_statue_of_worship,
          mainiacjoe_overflow_alcove_4, temple_statues, serial_shops,
          nicolae_shop_advertising_works [nicolae_subvault_shop_adworks],
          nicolae_ossuary_entry_giza
Ossuary:  ossuary_kennysheep_city_of_the_dead

Skill      XL: |  1  2  3  4  5  6 |
---------------+-------------------+-----
Unarmed Combat | 4 5 |  5.8
Spellcasting   | 2 |  2.0
Transmutations | 2 |  2.0
Fighting       | 2 3 4 |  4.0
Poison Magic   | 1 2 |  2.0
Invocations    | 2 |  2.0
Dodging        | |  1.5

Action                   |  1- 3 |  4- 6 || total
-------------------------+-------+-------++-------
Melee: Unarmed           |    40 |   135 ||   175
       Kick              |     8 |    21 ||    29
       Hand axe          |    33 |    26 ||    59
       Headbutt          |     6 |    16 ||    22
       Punch             |     1 |     2 ||     3
Throw: Dart              |       |     4 ||     4
 Cast: Beastly Appendage |    21 |    25 ||    46
       Spider Form       |       |    11 ||    11
Invok: Convert to Beogh  |       |     1 ||     1
  Use: Scroll            |       |     9 ||     9
       Potion            |       |     1 ||     1
Armor: Robe              |     8 |       ||     8
       Leather armour    |    10 |    31 ||    41
       Skin              |       |     1 ||     1
Dodge: Dodged            |    48 |   115 ||   163

Table legend: (Time is in decaauts)
 A = Elapsed time spent in this place.
 B = Non-inter-level travel time spent in this place.
 C = Inter-level travel time spent in this place.
 D = Time resting spent in this place.
 E = Time spent auto-exploring this place.
 F = Levels seen in this place.
 G = Mean time per level.
                   A        B        C        D        E       F      G
               +--------+--------+--------+--------+--------+-----+--------+
         Total |   4791 |   4473 |    318 |   1868 |   1418 |   6 |  798.5 |
       Dungeon |   4669 |   4351 |    318 |   1809 |   1418 |   5 |  933.8 |
       Ossuary |    122 |    122 |      0 |     59 |      0 |   1 |  122.0 |
               +--------+--------+--------+--------+--------+-----+--------+

Top non-repeatable levels by time:
     D:3: 1685 daAuts
     D:1: 1352 daAuts
     D:2: 1092 daAuts
     D:5: 529 daAuts
 Ossuary: 122 daAuts
     D:4: 9 daAuts
